TOP OF THE 1ST |
Durham Bulls batting - Pitching for Rochester Red Wings : LHP Angel Vidaurri
|
Pitching: LHP Angel Vidaurri
|
|
Batting: RHB Jesse Basich
|
0-0: Ball 1-0: Ball 2-0: Called Strike 2-1: Ball 3-1: Base on Balls
|
Batting: LHB Davion Lewis
|
0-0: Ball 1-0: Called Strike 1-1: Ball 2-1: Foul Ball, location: 2F 2-2: Ball 3-2: Ground out 5-3 (Groundball, 56, EV 105.6 MPH) Jesse Basich to second
|
Batting: RHB Steve French
|
0-0: Called Strike 0-1: Swinging Strike 0-2: Strikes out swinging
|
Batting: SHB Willie Koviak
|
0-0: Fly out, F7 (Flyball, 7LS, EV 92.5 MPH)
|
Top of the 1st over - 0 runs, 0 hits, 0 errors, 1 left on base; Durham 0 - Rochester 0 |
BOTTOM OF THE 1ST |
Rochester Red Wings batting - Pitching for Durham Bulls : RHP Steve Barrett
|
Pitching: RHP Steve Barrett
|
|
Batting: RHB Brett Steele
|
0-0: Called Strike 0-1: Ball 1-1: Swinging Strike 1-2: Strikes out swinging
|
Batting: LHB Matt Patnaude
|
0-0: Called Strike 0-1: Fly out, F6 (Flyball, 6D, EV 94.4 MPH)
|
Batting: LHB Steve Roepke
|
0-0: Ball 1-0: Swinging Strike 1-1: Fly out, F8 (Flyball, 8LXD, EV 90.0 MPH)
|
Bottom of the 1st over - 0 runs, 0 hits, 0 errors, 0 left on base; Durham 0 - Rochester 0 |
TOP OF THE 2ND |
Durham Bulls batting - Pitching for Rochester Red Wings : LHP Angel Vidaurri
|
Batting: RHB Jeff Brower
|
0-0: Ball 1-0: Called Strike 1-1: SINGLE (Line Drive, 78S, EV 106.9 MPH)
|
Batting: RHB Danny Diaz
|
0-0: Ball 1-0: Ball 2-0: Foul Ball, location: 2F 2-1: Ball 3-1: SINGLE (Groundball, 6MD, EV 108.8 MPH) Jeff Brower to second Runner from 2nd tries for 3rd, SAFE, throw by CF made to third Danny Diaz to second
|
Batting: RHB Jesse Haddad
|
0-0: Called Strike 0-1: Ball 1-1: Foul Ball, location: 2F 1-2: Ball 2-2: Fly out, F3 (Flyball, 3D, EV 83.1 MPH)
|
Batting: LHB Danny Hull
|
0-0: Ground out 4-3 (Groundball, 4, EV 85.0 MPH) Jeff Brower scores Danny Diaz to third
|
Batting: LHB David Seminario
|
0-0: Ball 1-0: Fly out, F7 (Flyball, 78XD, EV 105.6 MPH)
|
Top of the 2nd over - 1 run, 2 hits, 0 errors, 1 left on base; Durham 1 - Rochester 0 |
BOTTOM OF THE 2ND |
Rochester Red Wings batting - Pitching for Durham Bulls : RHP Steve Barrett
|
Batting: LHB Armando Rendon
|
0-0: Called Strike 0-1: Called Strike 0-2: Ball 1-2: Strikes out swinging
|
Batting: RHB Aaron Trotman
|
0-0: Ball 1-0: Ball 2-0: Called Strike 2-1: Swinging Strike 2-2: Ball 3-2: Reached on error, E8 (Flyball, 89M, EV 84.4 MPH)
|
Batting: SHB Aaron Tatar
|
0-0: Foul Ball, location: 2F 0-1: Foul Ball, location: 2F 0-2: Strikes out swinging
|
Batting: RHB Joe Zimmerman
|
0-0: Ball 1-0: Called Strike Aaron Trotman is caught stealing 2nd base 2-4
|
Bottom of the 2nd over - 0 runs, 0 hits, 1 error, 0 left on base; Durham 1 - Rochester 0 |
TOP OF THE 3RD |
Durham Bulls batting - Pitching for Rochester Red Wings : LHP Angel Vidaurri
|
Batting: RHB Jesse Basich
|
0-0: Swinging Strike 0-1: Foul Ball, location: 2F 0-2: Ball 1-2: Foul Ball, location: 2F 1-2: Ball 2-2: Ground out 5-3 (Groundball, 15, EV 88.8 MPH)
|
Batting: LHB Davion Lewis
|
0-0: Ball 1-0: Called Strike 1-1: Ball 2-1: Ball 3-1: Base on Balls
|
Batting: RHB Steve French
|
0-0: Ball 1-0: Foul Ball, location: 2F 1-1: Called Strike 1-2: Fielders Choice at 2nd, 5-4 (Groundball, 5S, EV 84.4 MPH)
|
Batting: SHB Willie Koviak
|
0-0: Fielders Choice at 2nd, 5-4 (Groundball, 5L, EV 100.0 MPH)
|
Top of the 3rd over - 0 runs, 0 hits, 0 errors, 1 left on base; Durham 1 - Rochester 0 |
BOTTOM OF THE 3RD |
Rochester Red Wings batting - Pitching for Durham Bulls : RHP Steve Barrett
|
Batting: RHB Joe Zimmerman
|
0-0: Called Strike 0-1: Ground out 4-3 (Groundball, 4M, EV 103.1 MPH)
|
Batting: RHB Cesar Yega
|
0-0: Called Strike 0-1: Swinging Strike 0-2: Strikes out looking
|
Batting: RHB Mario Taureda
|
0-0: Called Strike 0-1: Swinging Strike 0-2: Ball 1-2: Ball 2-2: Strikes out swinging
|
Bottom of the 3rd over - 0 runs, 0 hits, 0 errors, 0 left on base; Durham 1 - Rochester 0 |
TOP OF THE 4TH |
Durham Bulls batting - Pitching for Rochester Red Wings : LHP Angel Vidaurri
|
Pitching: RHP Isidro Aguirre
|
|
Batting: RHB Jeff Brower
|
0-0: Ball 1-0: Ball 2-0: SOLO HOME RUN (Flyball, 89XD, EV 103.8 MPH), Distance : 403 ft
|
Batting: RHB Danny Diaz
|
0-0: Called Strike 0-1: Ball 1-1: Called Strike 1-2: Strikes out swinging
|
Batting: RHB Jesse Haddad
|
0-0: TRIPLE (Flyball, 89XD, EV 106.9 MPH)
|
Batting: LHB Danny Hull
|
0-0: Called Strike 0-1: Swinging Strike 0-2: Strikes out swinging
|
Batting: LHB David Seminario
|
0-0: Ball 1-0: Fly out, F4 (Flyball, 3D, EV 73.1 MPH)
|
Top of the 4th over - 1 run, 2 hits, 0 errors, 1 left on base; Durham 2 - Rochester 0 |
BOTTOM OF THE 4TH |
Rochester Red Wings batting - Pitching for Durham Bulls : RHP Steve Barrett
|
Batting: RHB Brett Steele
|
0-0: Ground out 5-3 (Groundball, 56, EV 88.8 MPH)
|
Batting: LHB Matt Patnaude
|
0-0: Ball 1-0: Ball 2-0: Foul Ball, location: 2F 2-1: Foul Ball, location: 2F 2-2: Foul Ball, location: 2F 2-2: Foul Ball, location: 2F 2-2: Foul Ball, location: 2F 2-2: Ball 3-2: Foul Ball, location: 2F 3-2: Foul Ball, location: 2F 3-2: Ground out U3 (Groundball, 34S, EV 84.4 MPH)
|
Batting: LHB Steve Roepke
|
0-0: Ball 1-0: Swinging Strike 1-1: Called Strike 1-2: Ground out 4-3 (Groundball, 34D, EV 110.0 MPH)
|
Bottom of the 4th over - 0 runs, 0 hits, 0 errors, 0 left on base; Durham 2 - Rochester 0 |
TOP OF THE 5TH |
Durham Bulls batting - Pitching for Rochester Red Wings : RHP Isidro Aguirre
|
Batting: RHB Jesse Basich
|
0-0: Ball 1-0: Called Strike 1-1: Ball 2-1: Foul Ball, location: 2F 2-2: Foul Ball, location: 2F 2-2: Ball 3-2: Base on Balls
|
Batting: LHB Davion Lewis
|
0-0: Ball 1-0: Foul Ball, location: 2F 1-1: Ball 2-1: Called Strike 2-2: Ball 3-2: 2-RUN HOME RUN (Flyball, 7D, EV 95.6 MPH), Distance : 366 ft
|
Batting: RHB Steve French
|
0-0: Ball 1-0: Ball 2-0: Ball 3-0: Base on Balls
|
Batting: SHB Willie Koviak
|
0-0: Called Strike 0-1: Ball 1-1: Swinging Strike 1-2: SINGLE (Line Drive, 4D, EV 95.6 MPH) Steve French to second Runner from 2nd tries for 3rd, SAFE, throw by RF made to third
|
Batting: RHB Jeff Brower
|
0-0: Ball 1-0: Grounds into double play, 5-4-3 (Groundball, 5, EV 111.2 MPH) Steve French scores
|
Pitching: RHP Keeley Schenk
|
|
Batting: RHB Danny Diaz
|
0-0: Called Strike 0-1: Ball 1-1: Ball 2-1: Ball 3-1: Foul Ball, location: 2F 3-2: Fly out, F7 (Flyball, 7LS, EV 85.6 MPH)
|
Top of the 5th over - 3 runs, 2 hits, 0 errors, 0 left on base; Durham 5 - Rochester 0 |
BOTTOM OF THE 5TH |
Rochester Red Wings batting - Pitching for Durham Bulls : RHP Steve Barrett
|
Batting: LHB Armando Rendon
|
0-0: Ball 1-0: Reached on error, E6 (Groundball, 56, EV 88.8 MPH)
|
Batting: RHB Aaron Trotman
|
0-0: Called Strike 0-1: Foul Ball, location: 2F 0-2: Ball 1-2: Strikes out swinging
|
Batting: SHB Aaron Tatar
|
0-0: Ball 1-0: Ball 2-0: Called Strike 2-1: Foul Ball, location: 2F 2-2: Ball 3-2: Base on Balls
|
Batting: RHB Joe Zimmerman
|
0-0: Swinging Strike 0-1: Ball 1-1: DOUBLE (Flyball, 78XD, EV 108.8 MPH) Armando Rendon scores Aaron Tatar to third
|
Batting: RHB Cesar Yega
|
0-0: Called Strike 0-1: Called Strike 0-2: Strikes out swinging
|
Batting: RHB Mario Taureda
|
0-0: Ball 1-0: Ground out 6-3 (Groundball, P, EV 83.8 MPH)
|
Bottom of the 5th over - 1 run, 1 hit, 1 error, 2 left on base; Durham 5 - Rochester 1 |
TOP OF THE 6TH |
Durham Bulls batting - Pitching for Rochester Red Wings : RHP Keeley Schenk
|
Batting: RHB Jesse Haddad
|
0-0: Called Strike 0-1: Ball 1-1: Ground out 5-3 (Groundball, 56S, EV 81.2 MPH)
|
Batting: LHB Danny Hull
|
0-0: Ball 1-0: Foul Ball, location: 2F 1-1: Ball 2-1: SINGLE (Line Drive, 78S, EV 106.2 MPH)
|
Batting: LHB David Seminario
|
0-0: Called Strike 0-1: Ball 1-1: Foul Ball, location: 2F 1-2: Strikes out swinging
|
Batting: RHB Jesse Basich
|
0-0: Ball Danny Hull steals 2nd base 1-0: Foul Ball, location: 2F 1-1: Ball 2-1: Ball 3-1: Called Strike 3-2: Foul Ball, location: 2F 3-2: Strikes out swinging
|
Top of the 6th over - 0 runs, 1 hit, 0 errors, 1 left on base; Durham 5 - Rochester 1 |
BOTTOM OF THE 6TH |
Rochester Red Wings batting - Pitching for Durham Bulls : RHP Steve Barrett
|
Batting: RHB Brett Steele
|
0-0: Foul Ball, location: 2F 0-1: Called Strike 0-2: Ball 1-2: Strikes out swinging
|
Batting: LHB Matt Patnaude
|
0-0: Ground out 4-3 (Groundball, 13, EV 81.2 MPH)
|
Batting: LHB Steve Roepke
|
0-0: Ball 1-0: Called Strike 1-1: Foul Ball, location: 2F 1-2: Strikes out looking
|
Bottom of the 6th over - 0 runs, 0 hits, 0 errors, 0 left on base; Durham 5 - Rochester 1 |
TOP OF THE 7TH |
Durham Bulls batting - Pitching for Rochester Red Wings : RHP Keeley Schenk
|
Pitching: LHP Pete Zamarron
|
|
Batting: LHB Davion Lewis
|
0-0: Called Strike 0-1: Ball 1-1: Ball 2-1: SINGLE (Groundball, 34D, EV 106.9 MPH)
|
Batting: RHB Steve French
|
0-0: Ball 1-0: Ball 2-0: Ball 3-0: Called Strike 3-1: Called Strike 3-2: Foul Ball, location: 2F 3-2: DOUBLE (Flyball, 8LXD, EV 111.2 MPH) Davion Lewis to third
|
Batting: SHB Willie Koviak
|
0-0: Ball 1-0: Called Strike 1-1: Ball 2-1: Swinging Strike 2-2: SINGLE (Groundball, 4MD, EV 97.5 MPH) Davion Lewis scores Steve French to third
|
Batting: RHB Jeff Brower
|
0-0: DOUBLE (Flyball, 9LD, EV 113.1 MPH) Steve French scores Willie Koviak to third
|
Batting: RHB Danny Diaz
|
0-0: Ball 1-0: Called Strike 1-1: Foul Ball, location: 2F 1-2: Ball 2-2: Ball 3-2: Base on Balls
|
Batting: RHB Jesse Haddad
|
0-0: Grounds into fielders choice 1-2 (Groundball, 23, EV 71.9 MPH) Jeff Brower to third Danny Diaz to second
|
Batting: LHB Danny Hull
|
0-0: Ball 1-0: SINGLE (Groundball, 34D, EV 102.5 MPH) Jeff Brower scores Danny Diaz to third Jesse Haddad to second Runner from 3rd tries for Home, throw by RF and OUT! 9-2
|
Batting: LHB David Seminario
|
0-0: Swinging Strike 0-1: Swinging Strike 0-2: Ball 1-2: Foul Ball, location: 2F 1-2: Strikes out swinging
|
Top of the 7th over - 3 runs, 5 hits, 0 errors, 2 left on base; Durham 8 - Rochester 1 |
BOTTOM OF THE 7TH |
Rochester Red Wings batting - Pitching for Durham Bulls : RHP Steve Barrett
|
Batting: LHB Armando Rendon
|
0-0: Foul Ball, location: 2F 0-1: Foul Ball, location: 2F 0-2: Strikes out swinging
|
Batting: RHB Takashi Yamada
|
0-0: Ball 1-0: Ground out 6-3 (Groundball, 6, EV 89.4 MPH)
|
Batting: SHB Aaron Tatar
|
0-0: Swinging Strike 0-1: Ball 1-1: Fly out, F8 (Flyball, 78S, EV 85.6 MPH)
|
Bottom of the 7th over - 0 runs, 0 hits, 0 errors, 0 left on base; Durham 8 - Rochester 1 |
TOP OF THE 8TH |
Durham Bulls batting - Pitching for Rochester Red Wings : LHP Pete Zamarron
|
Batting: RHB Jesse Basich
|
0-0: Ball 1-0: Ball 2-0: Ball 3-0: Base on Balls
|
Pitching: RHP Antonio Alcaraz
|
|
Batting: LHB Davion Lewis
|
0-0: Called Strike 0-1: Fly out, F7 (Flyball, 7LM, EV 71.2 MPH)
|
Batting: RHB Steve French
|
0-0: Ball 1-0: Ball 2-0: Called Strike 2-1: Swinging Strike 2-2: Foul Ball, location: 2F Pickoff Throw to First - Error! E1 Jesse Basich to second 2-2: Ground out U3 (Groundball, 34S, EV 81.9 MPH) Jesse Basich to third
|
Batting: SHB Willie Koviak
|
0-0: Ball 1-0: Called Strike 1-1: Ball 2-1: Ball 3-1: Base on Balls
|
Batting: RHB Jeff Brower
|
0-0: Ball 1-0: Ball 2-0: Ball 3-0: Base on Balls Willie Koviak to second
|
Batting: RHB Danny Diaz
|
0-0: Foul Ball, location: 2F 0-1: Ball 1-1: Foul Ball, location: 2F 1-2: Ball 2-2: Strikes out swinging
|
Top of the 8th over - 0 runs, 0 hits, 1 error, 3 left on base; Durham 8 - Rochester 1 |
BOTTOM OF THE 8TH |
Rochester Red Wings batting - Pitching for Durham Bulls : RHP Steve Barrett
|
Pinch Hitting: LHB Shu-yen Guo
|
0-0: Ball 1-0: Ball 2-0: Ball 3-0: Called Strike 3-1: Foul Ball, location: 2F 3-2: Fly out, F5 (Popup, 56S, EV 78.1 MPH)
|
Batting: RHB Cesar Yega
|
0-0: Ball 1-0: Ball 2-0: Swinging Strike 2-1: Swinging Strike 2-2: Strikes out swinging
|
Batting: RHB Mario Taureda
|
0-0: Ball 1-0: Called Strike 1-1: Ground out 6-3 (Groundball, 56D, EV 83.8 MPH)
|
Bottom of the 8th over - 0 runs, 0 hits, 0 errors, 0 left on base; Durham 8 - Rochester 1 |
TOP OF THE 9TH |
Durham Bulls batting - Pitching for Rochester Red Wings : RHP Antonio Alcaraz
|
Now at 1B: Shu-yen Guo
|
|
Batting: RHB Jesse Haddad
|
0-0: Ball 1-0: Swinging Strike 1-1: Swinging Strike 1-2: Strikes out swinging
|
Batting: LHB Danny Hull
|
0-0: Called Strike 0-1: Called Strike 0-2: Ball 1-2: Ground out 5-3 (Groundball, 5, EV 90.0 MPH)
|
Batting: LHB David Seminario
|
0-0: Ball 1-0: Called Strike 1-1: Foul Ball, location: 2F 1-2: Foul Ball, location: 2F 1-2: SINGLE (Flyball, 78S, EV 90.6 MPH)
|
Batting: RHB Jesse Basich
|
0-0: Called Strike 0-1: SINGLE (Line Drive, 8LS, EV 91.9 MPH) David Seminario to second
|
Pitching: RHP Tomas Vargas
|
|
Batting: LHB Davion Lewis
|
0-0: Fly out, F8 (Flyball, 8LD, EV 100.6 MPH)
|
Top of the 9th over - 0 runs, 2 hits, 0 errors, 2 left on base; Durham 8 - Rochester 1 |
BOTTOM OF THE 9TH |
Rochester Red Wings batting - Pitching for Durham Bulls : RHP Steve Barrett
|
Pinch Hitting: SHB Kamiel Akkerman
|
0-0: Ball 1-0: Fly out, F2 (Popup, 2RF, EV 96.9 MPH)
|
Batting: LHB Matt Patnaude
|
0-0: Ball 1-0: SINGLE (Groundball, 34D, EV 104.4 MPH) (infield hit)
|
Batting: LHB Steve Roepke
|
0-0: Ball 1-0: Called Strike 1-1: Foul Ball, location: 2F 1-2: Grounds into double play, 4-6-3 (Groundball, 4, EV 87.5 MPH)
|
Bottom of the 9th over - 0 runs, 1 hit, 0 errors, 0 left on base; Durham 8 - Rochester 1 |
|